Map: Frozen Temple

Players

Pokebunny

  • Race: Terran Terran
  • League: Grandmaster

ZeRgWaVe - Winner!

  • Race: Zerg Zerg
  • League: Grandmaster

VOD

Have the link to the VOD?

Description

Time

  • Played on: April 5, 2016, 8:52 p.m.
  • Length: 11:27
Show
View Real Time Build Order
Export as new Build Order

Pokebunny Terran 

Build Orders: Command Center First (CC), Liberator Opening, Bio Tank 

Get SALT Encoding   

  12  0:00  SCV  
  13  0:13  SCV  
  14  0:18  Supply Depot  
  14  0:25  SCV  
  15  0:40  SCV  
  16  0:52  SCV  
  17  1:01  Command Center  
  17  1:04  SCV  
  18  1:14  Barracks  
  18  1:16  SCV  
  19  1:21  Refinery  
  19  1:28  SCV  
  20  1:34  Refinery  
  20  1:40  SCV  
  21  1:53  SCV  
  22  2:00  Marine  
  23  2:05  Orbital Command  
  23  2:13  Orbital Command  
  23  2:17  Factory  
  23  2:19  Barracks Reactor  
  23  2:31  SCV  
  24  2:39  SCV  
  24  2:43  SCV  
  25  2:52  SCV  
  25  2:56  SCV  
  27  3:02  Starport  
  27  3:05  Barracks Tech Lab, SCV  
  28  3:07  Hellion x2  
  28  3:08  SCV  
  33  3:13  Supply Depot  
  33  3:19  SCV  
  34  3:20  SCV  
  34  3:25  Liberator  
  35  3:28  Marine  
  36  3:35  Hellion x2  
  36  3:40  Barracks  
  40  3:41  Barracks  
  40  3:46  SCV  
  40  3:47  SCV  
  45  3:52  Stimpack  
  45  3:55  Marine  
  46  4:05  Factory Tech Lab  
  46  4:10  Supply Depot x2  
  46  4:26  Barracks Reactor  
  46  4:27  Starport Reactor  
  46  4:28  Barracks Reactor  
  46  4:31  Siege Tank, Marine, SCV x2  
  46  4:32  Refinery  
  46  4:33  Bunker  
  46  4:36  Supply Depot  
  52  4:43  SCV x2  
  54  4:49  Marine  
  55  4:57  SCV x2  
  57  5:02  Supply Depot  
  57  5:03  Marine  
  57  5:04  Marine  
  57  5:05  Siege Tank  
  57  5:06  Marine x2  
  57  5:07  Marine, Medivac  
  64  5:09  SCV x2  
  64  5:11  Supply Depot  
  69  5:23  Medivac  
  69  5:24  Marine x3  
  69  5:25  Marine x2  
  76  5:33  Supply Depot  
  76  5:34  SCV x2  
  78  5:35  Supply Depot  
  78  5:37  Siege Tank  
  81  5:46  Marine x2  
  81  5:47  Marine x3  
  86  5:54  Medivac x2  
  86  5:55  Supply Depot  
  86  5:56  SCV x2  
  92  5:58  Supply Depot  
  92  6:07  Marine x5  
  95  6:19  Siege Tank  
  95  6:21  SCV x2  
  95  6:34  Marine x2  
  95  6:35  Marine x3  
  95  6:37  Medivac x2  
  97  6:52  Marine x3  
  84  7:01  Siege Tank, Marine  
  78  7:04  Refinery  
  78  7:05  Command Center  
  78  7:06  Marine  
  78  7:07  Engineering Bay x2  
  78  7:08  Medivac  
  81  7:09  SCV x2  
  81  7:10  Marine  
  81  7:14  Marine  
  81  7:15  Combat Shields, Marine  
  86  7:19  Marine  
  83  7:32  Marine x4  
  90  7:37  Terran Infantry Armor Level 1, Terran Infantry Weapons Level 1  
  90  7:40  Marine  
  88  7:50  Marine x3  
  78  7:53  Marine  
  78  7:58  Marine  
  79  7:59  Barracks  
  79  8:01  Barracks  
  79  8:02  Barracks  
  78  8:08  Marine  
  79  8:18  Orbital Command  
  75  8:21  Marine x3  
  75  8:22  Marauder  
  75  8:23  Siege Tank, Medivac x2  
  75  8:25  Marine  
  88  8:30  Supply Depot  
  88  8:33  SCV x2  
  90  8:39  Marine x3  
  93  8:43  Marine, Marauder  
  97  8:50  Barracks Reactor, Barracks Tech Lab x2  
  97  8:52  Barracks Reactor  
  96  8:57  Orbital Command  
  96  8:59  Marine x3  
  96  9:01  Marine  
  96  9:02  Armory  
  100  9:04  SCV x2  
  100  9:05  Marauder  
  100  9:09  Concussive Shells, Marauder  
  106  9:11  Siege Tank, Medivac x2  
  113  9:21  Supply Depot  
  113  9:22  Supply Depot  
  113  9:24  SCV x3  
  115  9:28  Supply Depot, Marine x3, Marauder  
  115  9:29  Marine x3  
  115  9:30  Marine x2  
  126  9:35  Bunker  
  126  9:36  SCV x2  
  126  9:37  SCV  
  129  9:52  Marine x4, Marauder x2  
  136  9:53  Siege Tank, Marine  
  136  9:58  Marine  
  136  9:59  Marine x2  
  142  10:04  Supply Depot  
  142  10:13  Marauder  
  134  10:22  Refinery  
  134  10:24  Refinery, Command Center  
  134  10:31  Medivac  
  134  10:32  Marine  
  134  10:33  Marine x5, Marauder  
  134  10:34  Marine  
  134  10:35  Siege Tank  
  111  10:56  Marine x6, Marauder  
Show
View Real Time Build Order
Export as new Build Order

ZeRgWaVe Zerg - Winner!

Build Orders: Hatch First 

Get SALT Encoding   

  12  0:01  Drone  
  13  0:12  Overlord  
  13  0:18  Drone  
  14  0:31  Drone x2  
  14  0:35  Drone  
  17  0:52  Hatchery  
  17  0:56  Drone  
  17  0:58  Extractor  
  17  1:01  Drone  
  17  1:15  Spawning Pool  
  17  1:18  Drone  
  17  1:21  Drone  
  18  1:28  Drone  
  19  1:38  Overlord  
  19  1:49  Drone  
  20  2:01  Queen  
  20  2:02  Zergling x2  
  20  2:04  Zergling x2, Queen  
  26  2:09  Metabolic Boost  
  26  2:14  Drone  
  27  2:18  Drone  
  28  2:26  Drone x2  
  30  2:38  Overlord  
  30  2:41  Queen  
  30  2:43  Drone  
  30  2:44  Drone  
  34  2:47  Drone  
  35  3:01  Drone  
  35  3:02  Drone, Hatchery  
  36  3:08  Drone  
  36  3:09  Drone  
  38  3:26  Zergling x6  
  41  3:31  Zergling x6  
  42  3:37  Overlord, Roach Warren  
  41  3:48  Drone x3  
  41  3:53  Lair  
  44  3:59  Drone x4  
  48  4:06  Spore Crawler  
  48  4:07  Drone, Spore Crawler  
  48  4:09  Extractor  
  46  4:10  Overlord, Extractor  
  46  4:13  Drone  
  46  4:14  Drone x2  
  48  4:19  Roach  
  48  4:20  Roach  
  52  4:25  Roach x3  
  52  4:30  Drone x3  
  61  4:44  Queen  
  62  4:55  Drone x2  
  62  4:56  Drone  
  62  4:57  Overlord x2  
  65  5:02  Extractor  
  62  5:09  Ravager  
  62  5:10  Ravager x2  
  65  5:32  Drone x3  
  65  5:34  Drone x3  
  71  5:37  Drone  
  71  5:38  Drone x5  
  77  5:43  Drone x2, Overlord  
  77  5:44  Evolution Chamber  
  77  5:45  Evolution Chamber  
  77  5:46  Roach  
  77  5:47  Roach  
  77  5:49  Glial Reconstitution  
  81  5:58  Overlord x2  
  81  5:59  Ravager  
  81  6:02  Overseer  
  82  6:04  Drone x3  
  82  6:05  Drone  
  82  6:06  Overlord  
  82  6:07  Overlord  
  85  6:13  Roach x2  
  85  6:17  Roach  
  85  6:18  Roach x4  
  95  6:22  Roach  
  95  6:23  Roach  
  99  6:26  Roach x2  
  100  6:35  Ravager x3  
  100  6:36  Zergling x10  
  95  6:49  Roach x3  
  86  7:01  Roach x6  
  89  7:04  Zerg Missile Weapons Level 1  
  89  7:05  Ravager  
  89  7:06  Zergling x4  
  94  7:10  Ravager  
  94  7:11  Zergling x2  
  96  7:17  Queen  
  96  7:25  Roach x2  
  96  7:26  Roach x2  
  96  7:29  Drone x2  
  102  7:31  Ravager x2  
  102  7:35  Drone x2  
  106  7:41  Overlord x2  
  101  7:52  Roach x2  
  101  7:56  Overlord x3  
  105  7:59  Zerg Ground Armor Level 1  
  105  8:01  Roach x3  
  105  8:16  Roach  
  105  8:17  Roach x8  
  119  8:25  Drone x2  
  121  8:29  Queen, Overlord  
  121  8:30  Overlord  
  121  8:32  Hatchery  
  122  8:34  Overlord x2  
  122  8:38  Ravager x3  
  122  8:40  Extractor  
  124  8:41  Extractor  
  124  8:44  Roach x3  
  124  8:47  Drone x2  
  124  8:48  Drone x2  
  133  8:51  Drone  
  133  8:52  Drone  
  133  8:55  Overlord x2  
  133  8:59  Zerg Missile Weapons Level 2  
  133  9:15  Ravager  
  133  9:16  Ravager x2  
  136  9:18  Zergling x18  
  136  9:23  Roach  
  136  9:24  Roach x4  
  155  9:31  Overlord x2  
  155  9:34  Roach x2  
  155  9:35  Roach  
  161  9:40  Ravager x2  
  161  9:44  Roach x4  
  171  9:47  Ravager  
  171  9:55  Roach x2  
  171  9:56  Roach x3  
  181  10:04  Zergling x8  
  181  10:05  Zergling x6  
  186  10:19  Roach  
  186  10:20  Roach x5  
  198  10:28  Spine Crawler  
  197  10:29  Spine Crawler  
  183  10:48  Roach x2  
  183  10:49  Roach x4  
Tags
 
Add a new tag
Caveats
  • Supply blocks, unpowered buildings, or Contaminate may cause inaccurate times.
  • Supply counts are checked every 10 seconds.